 Dungeon Crawl Stone Soup version 0.19-a0-526-gbe2e51c (webtiles) character file.

218310 Duffy the Executioner (level 18, 12/173 HPs)
             Began as a Minotaur Gladiator on June 7, 2016.
             Was the Champion of the Shining One.
             Quit the game on level 3 of the Abyss on June 9, 2016.
             The game lasted 00:56:47 (39191 turns).

Duffy the Executioner (Minotaur Gladiator)         Turns: 39191, Time: 00:56:47

Health: 12/173     AC: 32    Str: 21    XL:     18   Next: 41%
Magic:  24/24      EV: 15    Int:  5    God:    the Shining One [******]
Gold:   3418       SH:  0    Dex: 21    Spells: 1 memorised, 14 levels left

rFire  + . .     SeeInvis .     b - +4 executioner's axe (holy)
rCold  + . .     Gourm    .     y - +1 plate armour {rPois}
rNeg   + + +     Faith    +     (shield currently unavailable)
rPois  +         Spirit   .     P - +2 hat
rElec  .         Dismiss  .     B - +0 cloak {rPois}
rCorr  +         Reflect  .     K - +2 pair of gloves
SustAt .         Harm     .     z - +2 pair of boots {run}
MR     +....                    E - amulet "Dimoum" {Faith rF+ rC+ Dex+3}
Stlth  ..........               W - ring of resist corrosion
                                R - +3 ring of protection

@: glowing, quick, somewhat resistant to hostile enchantments, extremely
unstealthy
A: retaliatory headbutt, horns 2
a: Divine Shield, Cleansing Flame, Summon Divine Warrior, Renounce Religion
}: 1/15 runes: serpentine


You were on level 3 of the Abyss.
You worshipped the Shining One.
The Shining One was exalted by your worship.
You were not hungry.

You visited 5 branches of the dungeon, and saw 31 of its levels.
You visited the Abyss 1 time.
You also visited: Trove, Ice Cave and Volcano.

You collected 4029 gold pieces.
You spent 611 gold pieces at shops.


Innate Abilities, Weirdness & Mutations

You reflexively headbutt those who attack you in melee.
You have a pair of horns on your head.


   Skills:
 - Level 18.4 Fighting
 - Level 23.0 Axes
 - Level 2.0 Throwing
 - Level 16.0 Armour
 + Level 11.9 Dodging
 - Level 10.0 Invocations
 + Level 8.9 Evocations


You had 14 spell levels left.
You knew the following spells:

 Your Spells              Type           Power        Failure   Level  Hunger
a - Spectral Weapon       Hex/Chrm       #.......     100%        3    ####...

Inventory:

Hand Weapons
 a - a +9 executioner's axe of freezing
 b - a +4 executioner's axe of holy wrath (weapon)
 g - a +2 executioner's axe of chopping
Missiles
 d - 4 throwing nets (quivered)
Armour
 i - a +1 pair of gloves
 y - a +1 plate armour of poison resistance (worn)
 z - a +2 pair of boots of running (worn)
 B - a +0 cloak of poison resistance (worn)
 K - a +2 pair of gloves (worn)
 P - a +2 hat (worn)
Jewellery
 s - an uncursed ring of sustain attributes
 E - the amulet "Dimoum" (around neck) {Faith rF+ rC+ Dex+3}

   [amulet of faith]

   It allows you to gain divine favour quickly.
   It affects your dexterity (+3).
   It protects you from fire.
   It protects you from cold.
 R - a +3 ring of protection (left hand)
 U - an uncursed ring of protection from fire
 W - a ring of resist corrosion (right hand)
Scrolls
 h - a scroll of silence
 l - 2 scrolls of identify
 m - a scroll of fog
 o - a scroll of teleportation
 p - 11 scrolls of remove curse
Potions
 e - 6 potions of might
 j - 2 potions of haste
 k - 4 potions of flight
 n - 11 potions of agility
 t - 2 potions of berserk rage
 w - 3 potions of magic
 D - a potion of beneficial mutation
 J - 2 potions of cancellation
 L - 2 potions of resistance
 N - 5 potions of curing
 Y - a potion of ambrosia
Miscellaneous
 O - a fan of gales
Comestibles
 f - 16 bread rations
 r - 10 meat rations

Dungeon Overview and Level Annotations

Branches:
Dungeon (15/15)            Temple (0/1) D:7            Lair (8/8) D:11
 Shoals (0/4) Lair:5        Snake (4/4) Lair:3        Slime (0/6) Lair:7
    Orc (2/2) D:11            Elf (0/3) Orc:2        Vaults (0/5) D:13
 Depths (2/5) D:15

Altars:
Ashenzari
Cheibriados
Dithmenos
Fedhas
Hepliaklqana
Kikubaaqudgha
Makhleb
Okawaru
Qazlal
Ru
Sif Muna
Trog
Uskayaw
Yredelemnul
The Shining One
Beogh
Jiyva

Shops:
D:9 =   Orc:2 [(%*   Snake:2 *   Depths:1 *


Message History

The hell hog misses you. You furiously retaliate!
You headbutt the hell hog!
Your daeva calls down the wrath of the Shining One upon the hell hog.
The hell hog is smitten.
A hell hog comes into view.
You hit the hell hog.
The hell hog convulses.
The hell hog is severely wounded.
The hell hog completely misses you. x2; You furiously retaliate!
You headbutt the hell hog. You slash the hell hog!
The hell hog convulses!
Your headbutt misses the hell hog.
The hell hog is almost dead.
The hell hog bites you but does no damage.
You feel much better. The hell hog completely misses you.
You slice the hell hog!!
You kill the hell hog!
The Shining One accepts your kill. The hell hog breathes fire at you.
The fireball explodes!
The fireball engulfs you! You resist. The fireball engulfs your daeva.
A sixfirhy comes into view.
Your daeva blocks the sixfirhy's attack.
The hell hog bites you.
Your daeva calls down the wrath of the Shining One upon the hell hog.
The hell hog is smitten.
You see here a hell hog corpse.
You hit the hell hog but do no damage.
You headbutt the hell hog, but do no damage.
The hell hog is lightly wounded.
The hell hog barely misses you. The hell hog breathes fire at you.
The fireball explodes!
The fireball engulfs you! You resist.
The fireball engulfs the hell hog.
The hell hog resists.
The fireball engulfs your daeva.
You slice the hell hog!!
The hell hog convulses!
Your headbutt misses the hell hog.
The hell hog is almost dead.
Your daeva hits the hell hog with a long sword of holy wrath!
The hell hog dies!
The Shining One accepts your kill. The sixfirhy barely misses you.
The sixfirhy misses you.
The sixfirhy hits you but does no damage.
You slice the sixfirhy like a ripe choko!!!
You kill the sixfirhy!
The Shining One accepts your kill.
You feel better.
Save game and exit?
Welcome back, Duffy the Minotaur Gladiator.
The Shining One says: Lead the forces of light to victory!
Press ? for a list of commands and other information.
Are you sure you want to abandon this character and quit the game? (Confirm with "yes".)

. .. .............
.... #..## .##..
#..##.$# .. ## .
#..##..##..##..##..
.. ..
.......!.......
..........%........
.# .. #..##..##..#
# ..
..##..##..##..##..#
..
........A........
..
........@.%%......
..##..##..##..##..#
# . #..# ..# ...
..... .... ..
...... .....
#..##..##.. #..#
#.. #..# ..# ..# ..
.... ... ..


You could see a friendly daeva.

Action                   |  1- 3 |  4- 6 |  7- 9 | 10-12 | 13-15 | 16-18 || total
-------------------------+-------+-------+-------+-------+-------+-------++-------
Melee: War axe           |    66 |   169 |    49 |       |       |       ||   284
       Headbutt          |     6 |    31 |    44 |   140 |   142 |   203 ||   566
       Battleaxe         |       |       |   239 |   621 |    14 |       ||   874
       Scimitar          |       |       |       |     4 |    37 |       ||    41
       Executioner's axe |       |       |       |       |   558 |   775 ||  1333
Invok: Summon Divine War |       |       |       |       |       |     2 ||     2
       Brand Weapon With |       |       |       |       |       |     1 ||     1
Evoke: Wand              |       |       |       |       |       |     3 ||     3
  Use: Scroll            |       |       |    15 |    13 |    18 |    10 ||    56
       Potion            |       |       |     2 |     3 |     3 |     6 ||    14
  Eat: Chunk             |       |     8 |    15 |    27 |    24 |     8 ||    82
       Fruit             |       |       |       |     4 |     7 |     1 ||    12
       Beef jerky        |       |       |       |     2 |       |     6 ||     8
       Pizza             |       |       |       |     2 |       |     4 ||     6
       Royal jelly       |       |       |       |       |     1 |     1 ||     2
       Bread ration      |       |       |       |       |       |     2 ||     2
       Meat ration       |       |       |       |       |       |     1 ||     1
Armor: Leather armour    |     1 |       |       |       |       |       ||     1
       Ring mail         |     9 |       |       |       |       |       ||     9
       Scale mail        |     6 |    54 |       |    35 |       |       ||    95
       Chain mail        |       |    21 |    58 |       |   245 |       ||   324
       Plate armour      |       |       |    88 |   453 |   205 |   438 ||  1184
       Skin              |       |       |    24 |       |       |       ||    24
Dodge: Dodged            |    47 |   111 |   105 |   324 |   401 |   425 ||  1413

Notes
Turn   | Place    | Note
--------------------------------------------------------------
     0 | D:1      | Duffy the Minotaur Gladiator began the quest for the Orb.
     0 | D:1      | Reached XP level 1. HP: 18/18 MP: 0/0
   158 | D:1      | Reached skill level 3 in Fighting
   158 | D:1      | Reached skill level 4 in Axes
   158 | D:1      | Reached XP level 2. HP: 26/26 MP: 1/1
   563 | D:1      | Reached XP level 3. HP: 27/31 MP: 2/2
   893 | D:2      | Noticed Terence
   907 | D:1      | Killed Terence
   907 | D:1      | Reached skill level 4 in Fighting
  1092 | D:2      | Reached XP level 4. HP: 37/40 MP: 3/3
  1304 | D:2      | Reached skill level 5 in Axes
  1927 | D:3      | Reached XP level 5. HP: 28/47 MP: 4/4
  2103 | D:3      | Reached skill level 5 in Fighting
  2186 | D:3      | Noticed Ijyb
  2196 | D:3      | Killed Ijyb
  2215 | D:3      | Found a basalt altar of Yredelemnul.
  2219 | D:3      | Found an iron altar of Okawaru.
  2219 | D:3      | Found a stormy altar of Qazlal.
  2223 | D:3      | Found a snail-covered altar of Cheibriados.
  2237 | D:3      | Noticed Robin
  2250 | D:3      | Killed Robin
  2437 | D:3      | Reached skill level 6 in Axes
  2773 | D:4      | Reached XP level 6. HP: 57/57 MP: 5/5
  2952 | D:4      | Reached skill level 6 in Fighting
  3181 | D:4      | Reached skill level 7 in Axes
  3288 | D:4      | Reached XP level 7. HP: 61/64 MP: 6/6
  3449 | D:4      | Reached skill level 7 in Fighting
  3731 | D:5      | Entered Level 5 of the Dungeon
  4052 | D:5      | Reached skill level 8 in Axes
  4188 | D:5      | Found a deep blue altar of Sif Muna.
  4194 | D:5      | Found a shattered altar of Ashenzari.
  4240 | D:5      | Reached skill level 8 in Fighting
  4488 | D:5      | Found an ancient bone altar of Kikubaaqudgha.
  4871 | D:6      | Reached XP level 8. HP: 74/74 MP: 7/7
  5218 | D:6      | Reached skill level 1 in Armour
  5245 | D:6      | Found a glowing golden altar of the Shining One.
  5330 | D:6      | Became a worshipper of the Shining One
  5353 | D:6      | Found a hide-covered altar of Uskayaw.
  5354 | D:6      | Noticed a dagger
  5354 | D:6      | Noticed a dagger
  5413 | D:6      | Found a blossoming altar of Fedhas.
  5444 | D:6      | Reached skill level 9 in Axes
  5513 | D:6      | Noticed Duvessa
  5513 | D:6      | Noticed Dowan
  5522 | D:6      | Killed Duvessa
  5522 | D:6      | Reached skill level 2 in Armour
  5537 | D:6      | Killed Dowan
  5578 | D:6      | Noticed a troll
  5692 | D:7      | Reached skill level 3 in Armour
  5822 | D:7      | Found a stormy altar of Qazlal.
  5844 | D:7      | Identified the Compendium of Dislocation and Confrontation
  5868 | D:7      | Reached skill level 4 in Armour
  5874 | D:7      | Reached skill level 10 in Axes
  5881 | D:7      | Reached skill level 5 in Armour
  5905 | D:7      | Reached XP level 9. HP: 37/82 MP: 8/8
  5916 | D:7      | Reached skill level 6 in Armour
  6351 | D:7      | Reached skill level 11 in Axes
  6373 | D:7      | Found a shadowy altar of Dithmenos.
  6492 | D:7      | Reached skill level 7 in Armour
  6736 | D:7      | Found a staircase to the Ecumenical Temple.
  6814 | D:7      | Reached * piety under the Shining One
  6939 | D:6      | Found a sacrificial altar of Ru.
  7352 | D:6      | Killed a troll
  7352 | D:6      | Reached skill level 8 in Armour
  7734 | D:8      | Reached skill level 12 in Axes
  8008 | D:8      | Noticed Psyche
  8011 | D:8      | Killed Psyche
  8011 | D:8      | Reached skill level 9 in Armour
  8011 | D:8      | Reached XP level 10. HP: 90/90 MP: 9/9
  8229 | D:8      | Reached skill level 4 in Dodging
  8512 | D:8      | Found a bloodstained altar of Trog.
  8981 | D:9      | Found Juvich's Jewellery Boutique.
  9017 | D:9      | Found a burning altar of Makhleb.
  9045 | D:9      | Found a hazy altar of Hepliaklqana.
  9050 | D:9      | Reached skill level 5 in Dodging
  9173 | D:9      | Reached skill level 13 in Axes
  9295 | D:8      | Reached ** piety under the Shining One
  9455 | D:9      | Noticed a hill giant
  9465 | D:9      | Killed a hill giant
  9465 | D:9      | Reached skill level 6 in Dodging
 10029 | D:10     | Entered Level 10 of the Dungeon
 10052 | D:10     | Noticed Nergalle
 10093 | D:10     | Killed Nergalle
 10093 | D:10     | Reached skill level 9 in Fighting
 10438 | D:10     | Reached skill level 14 in Axes
 10601 | D:10     | Reached XP level 11. HP: 99/99 MP: 10/10
 10754 | D:10     | Reached skill level 10 in Fighting
 10965 | D:10     | Reached *** piety under the Shining One
 11680 | D:11     | Found a staircase to the Lair.
 11745 | D:11     | Noticed tstbtto's ghost (journeyman DDFi)
 11767 | D:11     | Killed tstbtto's ghost
 11767 | D:11     | Reached skill level 10 in Armour
 11938 | D:11     | Reached skill level 15 in Axes
 12198 | D:11     | Found a blossoming altar of Fedhas.
 12250 | D:11     | Noticed a seven-headed hydra
 12332 | D:11     | Found a staircase to the Orcish Mines.
 12340 | D:11     | Found a roughly hewn altar of Beogh.
 12439 | D:11     | Reached **** piety under the Shining One
 12612 | D:11     | Noticed a red ugly thing
 12614 | D:11     | Noticed a brown ugly thing
 12628 | D:11     | Killed a red ugly thing
 12631 | D:11     | Killed a brown ugly thing
 12964 | D:12     | Noticed a green ugly thing
 12966 | D:12     | Noticed a brown ugly thing
 12976 | D:12     | Killed a green ugly thing
 12976 | D:12     | Reached skill level 11 in Armour
 12992 | D:12     | Killed a brown ugly thing
 13092 | D:12     | Noticed an unseen horror
 13237 | D:12     | Killed an unseen horror
 13237 | D:12     | Reached skill level 16 in Axes
 13249 | D:12     | Reached XP level 12. HP: 106/106 MP: 11/11
 13401 | D:12     | Reached skill level 12 in Armour
 13495 | D:12     | Reached ***** piety under the Shining One
 14009 | Lair:1   | Entered Level 1 of the Lair of Beasts
 14032 | Lair:1   | Found a frozen archway.
 14076 | IceCv    | Entered an ice cave
 14135 | IceCv    | Reached skill level 7 in Dodging
 14702 | Lair:1   | Reached skill level 17 in Axes
 14956 | Lair:1   | Noticed Grum
 14970 | Lair:1   | Killed Grum
 15394 | Lair:2   | Reached skill level 8 in Dodging
 15455 | Lair:2   | Noticed Erica
 15465 | Lair:2   | Killed Erica
 15465 | Lair:2   | Reached skill level 1 in Evocations
 15719 | Lair:2   | Reached skill level 2 in Evocations
 16015 | Lair:2   | Reached skill level 3 in Evocations
 16294 | Lair:3   | Noticed a four-headed hydra
 16364 | Lair:2   | Killed a one-headed hydra
 16364 | Lair:2   | Reached XP level 13. HP: 113/113 MP: 14/14
 16567 | Lair:3   | Reached skill level 4 in Evocations
 16636 | Lair:3   | Found a staircase to the Snake Pit.
 17015 | Lair:4   | Reached skill level 18 in Axes
 17817 | Lair:5   | Found a staircase to the Shoals.
 18058 | Lair:5   | Reached skill level 5 in Evocations
 18496 | Lair:5   | Noticed Snorg
 18501 | Lair:5   | Killed Snorg
 19070 | Lair:6   | Found a dark tunnel.
 19130 | Volcano  | Entered a volcano
 19197 | Volcano  | Reached skill level 11 in Fighting
 19250 | Volcano  | Reached ****** piety under the Shining One
 19461 | Volcano  | Noticed a fire dragon
 19473 | Volcano  | Killed a fire dragon
 19888 | Lair:6   | Reached skill level 19 in Axes
 20088 | Lair:6   | Reached skill level 12 in Fighting
 20203 | Lair:6   | Reached skill level 20 in Axes
 20203 | Lair:6   | Reached XP level 14. HP: 126/126 MP: 17/17
 20645 | Lair:6   | Reached XP level 15. HP: 117/133 MP: 18/18
 21359 | Lair:7   | Got a shimmering ruby amulet
 21479 | Lair:7   | Reached skill level 13 in Armour
 21575 | Lair:7   | Identified the amulet "Dimoum" {Faith rF+ rC+ Dex+3} (You found it on level 7 of the Lair of Beasts)
 21747 | Lair:7   | Found a viscous altar of Jiyva.
 21747 | Lair:7   | Found a staircase to the Slime Pits.
 21816 | Lair:7   | Reached skill level 9 in Dodging
 21953 | Lair:8   | Entered Level 8 of the Lair of Beasts
 22433 | Lair:8   | Reached skill level 13 in Fighting
 22904 | Lair:8   | Reached skill level 14 in Fighting
 23153 | Lair:8   | Reached skill level 15 in Fighting
 23429 | Lair:8   | Reached skill level 16 in Fighting
 24056 | Orc:1    | Entered Level 1 of the Orcish Mines
 24068 | Orc:2    | Entered Level 2 of the Orcish Mines
 24113 | Orc:2    | Found a staircase to the Elven Halls.
 24135 | Orc:2    | Reached skill level 17 in Fighting
 24599 | Orc:2    | Reached skill level 18 in Fighting
 25044 | Orc:2    | Found Uvoaloav's Food Shoppe.
 25046 | Orc:2    | Found Vitiq's Armour Boutique.
 25053 | Orc:2    | Found Vialem's Antique Weapon Boutique.
 25072 | Orc:2    | Found Plog's General Store.
 25081 | Orc:2    | Bought a potion of might for 60 gold pieces
 25092 | Orc:2    | Bought a +2 pair of boots of running for 456 gold pieces
 25771 | Orc:1    | Found a roughly hewn altar of Beogh.
 26082 | D:13     | Reached skill level 10 in Dodging
 26330 | D:13     | Reached skill level 14 in Armour
 26340 | D:13     | Reached XP level 16. HP: 116/159 MP: 19/19
 26579 | D:13     | Found a gate to the Vaults.
 27630 | D:14     | Found a bloodstained altar of Trog.
 27712 | D:14     | Learned a level 3 spell: Spectral Weapon
 27858 | D:14     | Reached skill level 15 in Armour
 27881 | D:14     | Reached skill level 21 in Axes
 28065 | D:15     | Entered Level 15 of the Dungeon
 28169 | D:15     | Found a portal to a secret trove of treasure.
 28621 | D:15     | Found a staircase to the Depths.
 29235 | D:15     | Found an ancient bone altar of Kikubaaqudgha.
 29799 | Snake:1  | Entered Level 1 of the Snake Pit
 30187 | Snake:1  | Reached skill level 16 in Armour
 30247 | Snake:1  | Reached skill level 1 in Invocations
 30433 | Snake:1  | Reached skill level 2 in Invocations
 30967 | Snake:1  | Reached skill level 3 in Invocations
 31492 | Snake:2  | Noticed Vashnia
 31505 | Snake:1  | Reached skill level 4 in Invocations
 32088 | Snake:2  | Killed Vashnia
 32088 | Snake:2  | Reached skill level 22 in Axes
 32088 | Snake:2  | Reached skill level 5 in Invocations
 32088 | Snake:2  | Reached XP level 17. HP: 135/166 MP: 20/20
 32442 | Snake:2  | Reached skill level 6 in Invocations
 32824 | Snake:2  | Found Toxt's General Store.
 32835 | Snake:2  | Bought a potion of berserk rage for 95 gold pieces
 33600 | Snake:3  | Reached skill level 7 in Invocations
 34240 | Depths:1 | Entered Level 1 of the Depths
 34283 | Depths:1 | Found Guurghaj's Blood Bar.
 35243 | Snake:3  | Reached skill level 8 in Invocations
 35769 | Snake:4  | Entered Level 4 of the Snake Pit
 36411 | Snake:4  | Reached skill level 23 in Axes
 36415 | Snake:4  | Reached skill level 9 in Invocations
 37266 | Snake:4  | Reached skill level 6 in Evocations
 37485 | Snake:4  | Reached skill level 10 in Invocations
 37523 | Snake:4  | Reached skill level 7 in Evocations
 37549 | Snake:4  | Reached XP level 18. HP: 112/173 MP: 24/24
 37774 | Snake:4  | Reached skill level 11 in Dodging
 37953 | Snake:4  | Reached skill level 8 in Evocations
 38247 | Snake:4  | Got a serpentine rune of Zot
 38993 | D:15     | You paid a toll of a wand of heal wounds (9) to enter a treasure trove
 38994 | Trove    | Entered a treasure trove
 39005 | Trove    | Cast into level 3 of the Abyss (a distortion unwield)
 39130 | Abyss:3  | Identified a +4 executioner's axe of holy wrath (a +2 executioner's axe of distortion blessed by the Shining One)
 39130 | Abyss:3  | Received a gift from the Shining One
 39144 | Abyss:3  | Noticed a bone dragon
 39159 | Abyss:3  | Killed a bone dragon
 39191 | Abyss:3  | Quit the game

Skill      XL: |  1  2  3  4  5  6  7  8  9 10 11 12 13 14 15 16 17 18 |
---------------+-------------------------------------------------------+-----
Fighting       | 3 4 5 6 8 9 10 12 18 | 18.4
Axes           | 4 5 6 7 8 10 12 14 16 17 20 22 23 | 23.0
Armour         | 5 9 11 12 14 16 | 16.0
Dodging        | 6 8 10 11 | 11.9
Evocations     | 3 5 7 8 |  8.9
Invocations    | 5 10 | 10.0
Throwing       | |  2.0

Vault maps used:
D:1:      dpeg_arrival_rooms_c, minmay_liquid_box
D:2:      kennysheep_cluttered_room, minmay_three_crescents, uniq_terence
D:3:      grunt_temple_overflow_open, uniq_robin, uniq_iyjb
D:5:      lemuel_doored_altar, minitemple, first_bread, serial_bayou_lake_a
D:6:      nicolae_ru_the_path_less_chosen, lemuel_round_altar,
          overflow_temple_1_default, dancing_weapons_uskayaw, uniq_duvessa
D:7:      kennysheep_mini_moat, minmay_temple_entry_enclosed_plants,
          basic_altar, kennysheep_generic_room_3
D:8:      nicolae_overflow_hidden_temple, uniq_psyche
D:9:      kennysheep_little_box, lemuel_round_altar, serial_shops,
          nicolae_shop_crystal
D:10:     uniq_nergalle
D:11:     david_lair_generic, minmay_orc_entry_temple_small, fedhas_altar_1
D:13:     grunt_vaults_entry_fortified
D:14:     basic_altar, nrook_mini_backslash
D:15:     grunt_enter_depths_hoard, enter_trove_6, basic_altar,
          grunt_ministairs_15, einodemon_armed_red_devil_minivault
Lair:1:   portal_ice_cave_entry_imps, serial_bayou_shore_a, uniq_grum
Lair:2:   grunt_megastairs_1, uniq_erica
Lair:3:   guppyfry_snake_entry_garden
Lair:4:   bobbens_dragon_lair_wall, grunt_megastairs_2
Lair:5:   elwin_shoals_entry_rooms, uniq_snorg
Lair:6:   nicolae_volcano_entry_two_sided, wad_woods_road_01
Lair:7:   dpeg_slime_entry_enclosed_altar, infiniplex_staircase_pool,
          lemuel_fruit_tree
Lair:8:   due_jungle_book, lemuel_another_geyser
Snake:1:  grunt_ministairs_12, st_stairs_6
Snake:2:  serial_shops, shop_statue, uniq_vashnia
Snake:3:  serial_bayou_shore_b
Snake:4:  snake_pit
Orc:1:    basic_altar
Orc:2:    st_orc_open
Depths:1: minmay_misc_feat_five, grunt_hell_entry_dis_grunt, guppyfry_shop_blood
Depths:2: lemuel_traditional_vault, hell_entry, hangedman_decor_points,
          firewood_loft
Abyss:3:  hangedman_abyss_or_decor_passed, hangedman_abyss_rune_macabre_mess
Trove:    trove_weapon_2
IceCv:    ice_cave_statue_garden_teleport
Volcano:  pf_volcano_lost_world

Vanquished Creatures
  Vashnia
  A bone dragon
  8 greater nagas
  2 stone giants
  6 dire elephants Snorg
  4 fire dragons
  The ghost of tstbtto the Severer, a journeyman DDFi of Ru
  5 vault guards
  19 naga warriors
  8 hydras Erica
  4 centaur warriors
  5 anacondas
  5 ogre magi
  A tengu warrior
  3 hell hogs
  A deep troll shaman
  6 death yaks
  9 shock serpents
  An orc high priest
  A vampire mage
  19 naga sharpshooters
  A deep elf knight Nergalle
  A wretched star
  2 deep trolls
  An unseen horror
  7 hill giants
  A wolf spider zombie
  8 naga ritualists
  2 orc sorcerers
  11 mana vipers
  15 elephants
  2 deep elf magi
  27 ugly things
  12 salamanders
  A sixfirhy
  6 cyclopes
  31 black mambas
  A siren
  8 guardian serpents
  2 smoke demons
  2 gargoyles
  25 naga magi
  2 ice statues
  6 spiny frogs
  5 centaur skeletons Psyche
  An eye of devastation
  An orange demon
  A hellion
  A freezing wraith
  A rime drake
  An efreet
  7 komodo dragons
  A yaktaur
  4 red devils
  A tengu conjurer
  13 trolls
  A merfolk
  15 two-headed ogres
  A raiju
  5 slime creatures
  4 blink frogs
  A hornet zombie
  A boulder beetle
  A ynoxinul Grum
  62 yaks
  4 fire bats
  A vampire
  8 wyverns
  A shadow
  3 wraiths
  2 vampire mosquitoes
  3 basilisks
  3 steam dragons
  10 hippogriffs
  3 hungry ghosts
  A human
  A harpy simulacrum
  2 wargs
  A mottled dragon
  A large abomination
  52 nagas
  10 porcupines Duvessa
  A soldier ant
  10 water moccasins
  3 black bears
  9 ice beasts
  16 orc warriors
  2 eyes of draining
  2 necrophages
  A wasp
  5 boggarts
  33 ogres
  16 wolves
  4 phantoms
  14 centaurs
  17 crocodiles
  2 big kobolds
  2 small abominations
  30 giant frogs
  A wyvern zombie Dowan
  11 killer bees
  4 scorpions
  A water moccasin skeleton
  2 electric eels
  2 howler monkeys
  2 giant frog zombies
  7 crimson imps
  3 centaur zombies
  6 hounds
  5 jellies
  4 quasits
  An iron imp
  23 orc priests
  27 orc wizards Ijyb
  3 giant frog skeletons
  A gnoll shaman
  8 iguanas
  7 worker ants Terence
  42 sheep
  A killer bee zombie
  A hound skeleton
  2 worker ant zombies Robin
  4 gnolls
  14 adders
  19 river rats
  8 shadow imps
  12 white imps
  An ooze
  An ufetubus
  4 adder skeletons
  A worm
  6 dart slugs
  7 giant geckos
  83 orcs
  8 giant cockroaches
  11 goblins
  14 hobgoblins
  4 jackals
  5 quokkas
  11 bats
  9 giant newts
  A jackal skeleton
  21 kobolds
  A quokka skeleton
  14 rats
  12 fungi
  A lurking horror
  35 plants
1166 creatures vanquished.
